 Dungeon Crawl Stone Soup version 0.24-a0-408-gcc1054c (webtiles) character file.

Game seed: 5008042112579446183

474 Spazmo the Magician (level 6, -2/32 HPs)
             Began as a Deep Elf Fire Elementalist on June 5, 2019.
             Hit by a boomerang thrown by an orc (4 damage)
             ... on level 4 of the Dungeon.
             The game lasted 00:09:57 (3529 turns).

Spazmo the Magician (Deep Elf Fire Elementalist)    Turns: 3529, Time: 00:09:57

Health: -2/32      AC:  3    Str:  5    XL:     6   Next: 84%
Magic:  0/17       EV: 13    Int: 22    God:
Gold:   143        SH:  0    Dex: 15    Spells: 2/17 levels left

rFire    . . .     SeeInvis +   l - +2 dagger (flame)
rCold    + . .     Gourm    .   (no shield)
rNeg     . . .     Faith    .   a - +0 robe
rPois    .         Spirit   .   k - +1 hat
rElec    .         Reflect  .   (no cloak)
rCorr    .         Harm     .   (no gloves)
MR       .....                  (no boots)
Stlth    ++........             (no amulet)
HPRegen  0.10/turn              e - ring of protection from cold
MPRegen  0.15/turn              n - ring of see invisible

@: no status effects
A: no striking features
a: no special abilities


You were on level 4 of the Dungeon.
You were not hungry.

You visited 1 branch of the dungeon, and saw 5 of its levels.

You collected 143 gold pieces.

Inventory:

Hand Weapons
 h - a +3 hunting sling
 l - a +2 dagger of flaming (weapon)
Missiles
 b - 50 stones (quivered)
Armour
 a - a +0 robe (worn)
 k - a +1 hat (worn)
Jewellery
 e - a ring of protection from cold (left hand)
 g - an uncursed ring of ice
 n - a ring of see invisible (right hand)
Wands
 t - a wand of iceblast (3)
Scrolls
 f - 2 scrolls of teleportation
 m - 3 scrolls of identify
 o - a scroll of remove curse
Potions
 d - a potion of agility {unknown}
 i - a potion of brilliance
 j - a potion of cancellation {unknown}
 q - a potion of lignification {unknown}
 u - a potion of curing {unknown}
Comestibles
 c - 4 rations


   Skills:
 - Level 2.5 Dodging
 - Level 2.5 Stealth
 + Level 6.2 Spellcasting
 + Level 4.4 Conjurations
 + Level 5.5 Fire Magic


You had 2 spell levels left.
You knew the following spells:

 Your Spells              Type           Power        Failure   Level  Hunger
a - Flame Tongue          Conj/Fire      ####.        1%          1    None
b - Throw Flame           Conj/Fire      ####..       1%          2    None
c - Conjure Flame         Conj/Fire      ####....     3%          3    #......
d - Sticky Flame          Conj/Fire      ####....     12%         4    ###....
e - Fireball              Conj/Fire      ####......   32%         5    #####..

Your spell library contained the following spells:

 Spells                   Type           Power        Failure   Level  Hunger
 Inner Flame              Hex/Fire       ###.....     9%          3    #......


Dungeon Overview and Level Annotations

Branches:
Dungeon (5/15)
 Temple: D:4-7

Altars:


Message History

Confirm with . or Enter, or press ? or * to list all spells.
Aiming: Flame Tongue (safe; 1% risk of failure)
Press: ? - help, Shift-Dir - straight line, f/p - orc
Aim: an orc, wearing a +0 chain mail (heavily wounded)
The flame tongue hits the orc.
The orc is almost dead.
The orc hits you.
* * * LOW HITPOINT WARNING * * *
You hit the orc but do no damage.
The orc is almost dead.
The orc hits you but does no damage.
You hit the orc but do no damage.
The orc is almost dead.
The orc closely misses you.
You barely miss the orc.
The orc is almost dead.
The orc hits you.
* * * LOW HITPOINT WARNING * * *
The orc throws a boomerang.
The boomerang hits you.
You die...

###### ############### .....#
#.............###### .....#
#.............##...# .....#
#.............##.#.#
.....###.........))..##.#.#
................@)o..##.#.###
......##.............##.#...#
.....................##.###.#
........................# #.#
..................####### #.#
..................#########.#
...##......[......#.........#
..................#.#########
..........................#


You could see an orc.

Vanquished Creatures
  A scorpion (D:4)
  A crimson imp (D:5)
  A centaur zombie (D:3)
  A jelly (D:5)
  2 iguanas (D:4)
  An orc wizard (D:4)
  3 worker ants (D:4)
  5 adders (D:3)
  2 oozes
  4 worms
  8 dart slugs
  3 leopard geckos
  13 orcs
  A ball python (D:1)
  7 bats
  4 giant cockroaches
  7 hobgoblins
  10 jackals
  A quokka (D:3)
  4 frilled lizards
  6 goblins
  A jackal skeleton (D:4)
  3 kobolds
  8 rats
97 creatures vanquished.

Notes
Turn   | Place    | Note
-------+----------+-------------------------------------------
     0 | D:1      | Spazmo the Deep Elf Fire Elementalist began the quest for
                  | the Orb.
     0 | D:1      | Reached XP level 1. HP: 10/10 MP: 6/6
   119 | D:1      | Reached XP level 2. HP: 15/15 MP: 4/8
   123 | D:1      | Learned a level 2 spell: Throw Flame
   417 | D:1      | Reached XP level 3. HP: 19/19 MP: 5/10
   422 | D:1      | Learned a level 3 spell: Conjure Flame
  1222 | D:2      | Reached skill level 4 in Spellcasting
  1588 | D:2      | Reached XP level 4. HP: 21/24 MP: 6/12
  1600 | D:2      | Learned a level 4 spell: Sticky Flame
  2230 | D:3      | Reached XP level 5. HP: 28/28 MP: 11/14
  2539 | D:3      | Reached skill level 5 in Spellcasting
  2991 | D:4      | Reached XP level 6. HP: 32/32 MP: 12/16
  2998 | D:4      | Learned a level 5 spell: Fireball
  3007 | D:4      | Reached skill level 5 in Fire Magic
  3483 | D:5      | Entered Level 5 of the Dungeon
  3490 | D:5      | Reached skill level 6 in Spellcasting
  3529 | D:4      | Hit by a boomerang thrown by an orc

Levels and vault maps discovered:
D:1:      dpeg_arrival_rhombi, layout_loops_corners,
          hangedman_decor_peaks_small, chequers_serial_rivers_micro_c,
          hangedman_abyss_or_decor_lesser_grid, minmay_hedge_maze
D:2:      layout_loops_ring
D:3:      layout_loops_corners, first_ration
D:4:      layout_basic
D:5:      layout_cave_pools, makhleb_grotto_becter,
          nemelex_xobeh_ov_fountains_minmay, kennysheep_slug_shrine,
          nicolae_overflow_crystal_walls, lemuel_coloured_pillars_altar,
          basic_altar, uniq_sigmund

Skill      XL: |  1  2  3  4  5  6 |
---------------+-------------------+-----
Conjurations   | 2 3 4 |  4.4
Spellcasting   | 4 5 6 |  6.2
Fire Magic     | 4 5 |  5.5
Dodging        | |  2.5
Stealth        | |  2.5

Action                   |  1- 3 |  4- 6 || total
-------------------------+-------+-------++-------
Melee: Short sword       |     1 |       ||     1
       Dagger            |       |     9 ||     9
 Fire: Hunting sling     |     6 |    30 ||    36
 Cast: Flame Tongue      |    75 |   116 ||   191
       Sticky Flame      |       |     1 ||     1
       Throw Flame       |       |     5 ||     5
Evoke: Wand              |       |     1 ||     1
  Use: Scroll            |     4 |     5 ||     9
  Eat: Chunk             |     1 |     7 ||     8
Armor: Robe              |     1 |     7 ||     8
Dodge: Dodged            |    13 |    45 ||    58

Table legend:
 A = Non-vault XP
 B = Vault XP
 C = Vault XP percentage of total XP
 D = Non-vault monster count
 E = Vault monster count
 F = Vault count percentage of total count
                 A         B        C        D         E       F
            +---------+---------+-------+---------+---------+-------
      Total |     678 |       0 |   0.0 |      97 |       0 |   0.0
            +---------+---------+-------+---------+---------+-------
        D:1 |      62 |       0 |   0.0 |      29 |       0 |   0.0
        D:2 |      37 |       0 |   0.0 |      16 |       0 |   0.0
        D:3 |     156 |       0 |   0.0 |      23 |       0 |   0.0
        D:4 |     321 |       0 |   0.0 |      22 |       0 |   0.0
        D:5 |     102 |       0 |   0.0 |       7 |       0 |   0.0
            +---------+---------+-------+---------+---------+-------
